 Dungeon Crawl Stone Soup version 0.27-a0-1060-gcb85b5eba1 (webtiles) character file.

Game seed: 10532487765562731076

146 sizableburger the Chucker (level 5, -2/41 HPs)
             Began as a Mummy Hunter on Apr 22, 2021.
             Killed by divine providence
             ... invoked by an orc priest
              (13 damage)
             ... on level 3 of the Dungeon.
             The game lasted 00:06:30 (3038 turns).

sizableburger the Chucker (Mummy Hunter)            Turns: 3038, Time: 00:06:31

Health: -2/41      AC:  3    Str: 16    XL:     5   Next: 7%
Magic:  5/5        EV: 11    Int: 10    God:
Gold:   102        SH:  0    Dex: 13    Spells: 4/4 levels left

rFire    x . .     SeeInvis .   o - +3 whip (elec)
rCold    + . .     Faith    .   (no shield)
rNeg     + + +     Spirit   .   b - +0 leather armour
rPois    ∞         Reflect  .   (no helmet)
rElec    .         Harm     .   (no cloak)
rCorr    .         Rampage  .   (no gloves)
Will     .....                  (no boots)
Stlth    +.........             (no amulet)
HPRegen  0.13/turn              (no ring)
MPRegen  0.09/turn              (no ring)

@: weak-willed
A: cold resistance 1, negative energy resistance 3, torment resistance 2,
unbreathing 1, heat vulnerability 1, no potions
a: no special abilities


You were on level 3 of the Dungeon.
You visited 1 branch of the dungeon, and saw 3 of its levels.

You collected 102 gold pieces.

Inventory:

Hand Weapons
 g - a +0 hunting sling
 o - a +3 whip of electrocution (weapon)
Missiles
 d - 2 throwing nets (quivered)
 h - 52 stones
Armour
 b - a +0 leather armour (worn)
Jewellery
 n - a ring of see invisible
Scrolls
 f - a scroll of immolation
 i - a scroll of magic mapping


   Skills:
 + Level 3.4 Fighting
 - Level 1.6 Short Blades
 + Level 0.9 Maces & Flails
 + Level 4.0 Throwing
 - Level 1.5 Dodging
 - Level 0.7 Stealth


You had 4 spell levels left.
You didn't know any spells.
Your spell library was empty.

Dungeon Overview and Level Annotations

Branches:
Dungeon (3/15)

Altars:


Innate Abilities, Weirdness & Mutations

You are immune to poison.
Your flesh is cold resistant. (rC+)
You are immune to negative energy. (rN+++)
You are immune to unholy pain and torment.
You can survive without breathing.
You are vulnerable to heat. (rF-)
You do not drink.


Message History

Throw: 2 javelins
Press: ? - help, Q - select action, (/) - cycle Shift-Dir - straight line, f/p - orc priest
Aim: an orc priest, wielding a +0 club (lightly wounded, 60% to hit)
You throw a javelin. The javelin pierces through the adder!
The adder is severely wounded.
The javelin barely misses the orc.
The javelin barely misses the orc priest.
The adder bites you. The hobgoblin barely misses you.
Throw: javelin
Press: ? - help, Q - select action, (/) - cycle Shift-Dir - straight line, f/p - orc priest
Aim: an orc priest, wielding a +0 club (lightly wounded, 60% to hit)
You throw a javelin. The javelin barely misses the adder.
The javelin barely misses the orc.
The javelin pierces through the orc priest!
The orc priest is almost dead.
The javelin pierces through the orc!
You kill the orc!
The adder bites you but does no damage. The hobgoblin hits you.
The adder bites you but does no damage.
As you read the scroll labelled WOACEOC FUZUYRR, it crumbles to dust.
You feel aware of your surroundings.
It was a scroll of magic mapping.
The adder bites you.
* * * LOW HITPOINT WARNING * * *
The hobgoblin barely misses you.
An orc comes into view. It is wielding a +0 short sword.
As you read the scroll labelled CONI HUYMEXYE, it crumbles to dust.
It is a scroll of enchant weapon.
Your +2 whip of electrocution glows red for a moment.
The adder barely misses you. The hobgoblin closely misses you.
The adder closely misses you.
As you read the scroll labelled PUFREW ICWU, it crumbles to dust.
It is a scroll of identify.
f - a scroll of immolation The hobgoblin closely misses you.
The adder bites you but does no damage.
As you read the scroll labelled ISTURO UFIG, it crumbles to dust.
Magic quickly surges around you.
It was a scroll of vulnerability.
The hobgoblin barely misses you. The adder closely misses you.
The orc priest calls down the wrath of Beogh upon you.
Beogh smites you!
You die...

##.########.##.########.##o....,,
#.# #####>†...((....K..o.....,,
#.# #..........).o..o........,,
#.####.########)#########..(..,,
#......<......#o# ***###**
#############.#o# *,,,,,,,,#o# **
*,*******#S# *, *,,,,,,,,#@# *,
********,#g#* *, *,...** *,
******.....*** *,
**,,,*#......,** *,
**,,*,,...#..#.,* *,
**,**,*.#.#,##...* *,
**,**,8.###,⌠,*#..# **
**,****,*,*,*,****,** *,


You could see an orc priest (weak-willed), an adder (weak-willed), 2 orcs and a
hobgoblin (weak-willed).

Vanquished Creatures
  An iguana (D:2)
  Natasha (twice) (D:3)
  A dart slug (D:2)
  2 orcs (D:3)
  3 bats
  6 endoplasms
  A giant cockroach (D:3)
  6 goblins
  7 hobgoblins
  3 jackals (D:2)
  8 kobolds
  A quokka (D:1)
  14 ball pythons
  4 frilled lizards
  5 rats
64 creatures vanquished.

Notes
Turn   | Place    | Note
-------+----------+-------------------------------------------
     0 | D:1      | sizableburger the Mummy Hunter began the quest for the Orb.
     0 | D:1      | Reached XP level 1. HP: 16/16 MP: 1/1
   151 | D:1      | Reached XP level 2. HP: 21/22 MP: 2/2
   513 | D:1      | Reached skill level 1 in Short Blades
   768 | D:1      | Reached XP level 3. HP: 28/28 MP: 3/3
  1594 | D:2      | Reached XP level 4. HP: 32/34 MP: 4/4
  2204 | D:2      | Found a faded altar of an unknown god.
  2770 | D:3      | Noticed Natasha
  2775 | D:3      | Killed Natasha
  2790 | D:3      | Noticed Natasha
  2957 | D:3      | Killed Natasha
  2958 | D:3      | Reached skill level 4 in Throwing
  2958 | D:3      | Reached XP level 5. HP: 38/41 MP: 5/5
  3038 | D:3      | Killed from afar by an orc priest

Illustrated notes

Levels and vault maps discovered:
D:1:      dpeg_arrival_signposts, layout_basic
D:2:      layout_loops_ring, basic_ecumenical_altar,
          minmay_misc_feat_nine_boxes, amethyst_killhole
D:3:      layout_basic, grunt_decor_mini_mirrors, uniq_terence, uniq_natasha

Skill      XL: |  1  2  3  4 |
---------------+-------------+-----
Short Blades   | 1 |  1.6
Fighting       | 3 |  3.4
Throwing       | 4 |  4.0
Maces & Flails | |  0.9
Dodging        | |  1.5
Stealth        | |  0.7

Action                   |  1- 3 |  4- 6 || total
-------------------------+-------+-------++-------
Melee: Short sword       |    23 |       ||    23
       Dagger            |    15 |    61 ||    76
       Whip              |       |     4 ||     4
 Fire: Hunting sling     |    91 |    16 ||   107
Throw: Javelin           |     9 |    18 ||    27
       Throwing net      |       |     1 ||     1
  Use: Scroll            |       |     4 ||     4
 Stab: Sleeping          |     1 |       ||     1
Armor: Leather armour    |    15 |    17 ||    32
Dodge: Dodged            |    55 |    63 ||   118

Table legend: (Time is in decaauts)
 A = Elapsed time spent in this place.
 B = Non-inter-level travel time spent in this place.
 C = Inter-level travel time spent in this place.
 D = Time resting spent in this place.
 E = Time spent auto-exploring this place.
 F = Levels seen in this place.
 G = Mean time per level.
                   A        B        C        D        E       F      G
               +--------+--------+--------+--------+--------+-----+--------+
         Total |   3048 |   2860 |    188 |    542 |   1774 |   3 | 1016.0 |
       Dungeon |   3048 |   2860 |    188 |    542 |   1774 |   3 | 1016.0 |
               +--------+--------+--------+--------+--------+-----+--------+

Top non-repeatable levels by time:
     D:1: 1395 daAuts
     D:2: 1366 daAuts
     D:3: 286 daAuts
